 Dungeon Crawl Stone Soup version 0.29.0-11-gd7f09526c8 (webtiles) character file.

Game seed: 2886216894738862554

353 greasedhog the Chopper (level 7, 0/61 HPs)
             Began as a Meteoran Berserker on Sept 6, 2022.
             Was a Follower of Trog.
             Slain by a scorpion (2 damage)
             ... on level 4 of the Dungeon.
             The game lasted 00:03:33 (1037 turns).

greasedhog the Chopper (Meteoran Berserker)         Turns: 1037, Time: 00:03:34

Health: 0/61       AC:  8    Str: 21    XL:     7   Next: 16%
Magic:  8/8        EV: 11    Int:  9    God:    Trog [*.....]
Gold:   94         SH:  0    Dex: 13    Spells: 6/6 levels left

rFire   + . .      SeeInvis .   a - +0 hand axe
rCold   + + .      Faith    .   (no shield)
rNeg    . . .      Spirit   .   d - +2 ring mail {rC+}
rPois   +          Reflect  .   (no helmet)
rElec   +          Harm     .   (no cloak)
rCorr   +          Rampage  .   (no gloves)
Will    .....                   k - +0 pair of boots
Stlth   +.........              (no amulet)
HPRegen 0.20/turn               (no ring)
MPRegen 0.11/turn               (no ring)

@: resistant, on berserk cooldown, glowing, invisible (but backlit and visible)
A: sense surroundings 1, otherworldly, glowing, explore regen, evolution 1
a: Renounce Religion, Berserk


You were on level 4 of the Dungeon.
You worshipped Trog.
Trog was aware of your devotion.
You visited 1 branch of the dungeon, and saw 4 of its levels.

You collected 94 gold pieces.

Inventory:

Hand Weapons
 a - a +0 hand axe (weapon)
Armour
 d - a +2 ring mail of cold resistance (worn)
 k - a +0 pair of boots (worn)
Scrolls
 b - a scroll of enchant armour {unknown}
 e - a scroll of teleportation {unknown}
 f - a scroll of blinking {unknown}
 g - a scroll of enchant weapon {unknown}
 j - a scroll of identify {unknown}
 l - a scroll of magic mapping {unknown}
Potions
 m - a potion of mutation


   Skills:
 - Level 5.4 Fighting
 * Level 6.6 Axes
 * Level 3.6 Armour
 - Level 2.4 Dodging


You had 6 spell levels left.
You didn't know any spells.
Your spell library was empty.

Dungeon Overview and Level Annotations

Branches:
Dungeon (4/15) Zot: 1313   Temple (0/1) D:4

Altars:
Qazlal
Xom

Shops:
D:2 (


Innate Abilities, Weirdness & Mutations

You passively map a small area around you.
You are easily found by Zot.
You glow in the dark.
You regain HP and MP as you explore.
You have hidden genetic potential.


Message History

* * * LOW HITPOINT WARNING * * *
It was a potion of mutation.
You feel extremely strange.
You feel a hidden potential growing inside you.
You feel sick.
You are no longer poisoned.
The scorpion barely misses you. The scorpion misses you.
It was a potion of cancellation.
Your magical effects are unravelling.
You feel magically purged.
You feel yourself speed up. The scorpion closely misses you.
The scorpion stings you but does no damage.
You hit the scorpion but do no damage.
The scorpion is moderately wounded.
The scorpion stings you but does no damage.
You closely miss the scorpion.
The scorpion is moderately wounded.
The scorpion stings you.
* * * LOW HITPOINT WARNING * * *
You hit the scorpion.
The scorpion is heavily wounded.
The scorpion barely misses you.
You slash the scorpion!
The scorpion is almost dead.
The scorpion stings you.
* * * LOW HITPOINT WARNING * * *
It was a potion of invisibility.
You become transparent, but the glow from your body prevents you from becoming completely invisible.
The scorpion stings you but does no damage.
The scorpion barely misses you.
It was a potion of resistance.
You feel protected. The scorpion closely misses you.
You barely miss the scorpion.
The scorpion is almost dead.
The scorpion closely misses you.
You barely miss the scorpion.
The scorpion is almost dead.
The scorpion stings you.
You die...

..... ,,#..###.#....
....#####...#....#.. *
#....##+....###.. ,
#.†..#..##....... , ,
#....'.....+.....
######....#.....#.....
#.........#######.....
#.........# , , ..###
#....@....# *, ..#
#....s....# , ,
#.........+ ,
#.........#, *
#.........# * ,
#....#####.. #.... ...
*, #....* .. ,


You could see a scorpion.

Vanquished Creatures
  Sigmund (D:3)
  A black bear (D:4)
  Terence (D:2)
  An orc wizard (D:3)
  3 adders
  A dart slug (D:2)
  4 orcs (D:3)
  3 ball pythons (D:3)
  5 endoplasms
  A giant cockroach (D:3)
  A hobgoblin (D:3)
  3 jackals (D:1)
  A kobold (D:4)
  A quokka (D:2)
  2 bats
29 creatures vanquished.

Notes
Turn   | Place    | Note
-------+----------+-------------------------------------------
     0 | D:1      | greasedhog the Meteoran Berserker began the quest for the
                  | Orb.
     0 | D:1      | Reached XP level 1. HP: 19/19 MP: 2/2
    80 | D:2      | Reached skill level 4 in Axes
    80 | D:2      | Reached XP level 2. HP: 26/27 MP: 3/3
    83 | D:2      | Reached XP level 3. HP: 18/33 MP: 4/4
   110 | D:2      | Noticed Terence
   229 | D:2      | Killed Terence
   230 | D:2      | Reached XP level 4. HP: 40/40 MP: 5/5
   273 | D:2      | Found Titohime's Armour Emporium.
   287 | D:2      | Found Gaseir's Antique Weapon Shop.
   402 | D:3      | Found a shimmering altar of Xom.
   448 | D:3      | Noticed Sigmund
   464 | D:3      | Killed Sigmund
   465 | D:3      | Reached skill level 5 in Fighting
   465 | D:3      | Reached skill level 6 in Axes
   465 | D:3      | Reached XP level 5. HP: 48/48 MP: 6/6
   465 | D:3      | Reached XP level 6. HP: 56/56 MP: 7/7
   966 | D:4      | Found a stormy altar of Qazlal.
   980 | D:4      | Found a staircase to the Ecumenical Temple.
  1004 | D:4      | Noticed a black bear
  1012 | D:4      | Killed a black bear
  1013 | D:4      | Reached XP level 7. HP: 61/61 MP: 8/8
  1028 | D:4      | Gained mutation: You have hidden genetic potential. [potion
                  | of mutation]
  1033 | D:4      | HP: 2/61 [scorpion (6)]
  1037 | D:4      | Slain by a scorpion

Illustrated notes

Levels and vault maps discovered:
D:1:      giann_bridges, layout_basic, shapermc_ecumenical_altar_flowoftime
D:2:      layout_rooms, serial_forest, infiniplex_forest_end_1,
          infiniplex_forest_join, infiniplex_forest_straight_3,
          infiniplex_forest_clump_tiny, infiniplex_forest_lined_3,
          infiniplex_forest_end_1, infiniplex_forest_lined_2, serial_shops,
          nicolae_shop_window_shopping, shop, shop, uniq_terence,
          uniq_crazy_yiuf_cottage, uniq_natasha
D:3:      layout_basic, lemuel_round_altar, serial_rivers,
          chequers_serial_rivers_large_a, chequers_serial_rivers_micro_c,
          chequers_serial_rivers_room_b, chequers_serial_rivers_micro_e,
          grunt_ministairs_3, uniq_sigmund
D:4:      layout_gridville, grunt_qazlal_clouds, mainiacjoe_overflow_alcove_1,
          minmay_temple_entry_wispy, cheibrodos_sewer_entry_drain, serial_shops,
          nicolae_square_shop, minmay_rat_hole

Skill      XL: |  1  2  3  4  5  6 |
---------------+-------------------+-----
Axes           | 4 6 |  6.6
Fighting       | 4 5 |  5.4
Armour         | 3 |  3.6
Dodging        | |  2.4

Action                   |  1- 3 |  4- 6 |  7- 9 || total
-------------------------+-------+-------+-------++-------
Melee: Hand axe          |    29 |    64 |    16 ||   109
       Punch             |       |       |     1 ||     1
Invok: Berserk           |     2 |     2 |       ||     4
  Use: Potion            |       |       |     4 ||     4
Armor: Animal skin       |    12 |       |       ||    12
       Ring mail         |       |    27 |     7 ||    34
Dodge: Dodged            |    20 |    25 |    14 ||    59
